 Dungeon Crawl Stone Soup version 0.21.1-1-g345015f (webtiles) character file.

175 Melicamp the Shooter (level 5, 0/37 HPs)
             Began as an Octopode Wanderer on Apr 2, 2018.
             Slain by a gnoll
             ... wielding a +0 spear
              (9 damage)
             ... on level 3 of the Dungeon.
             The game lasted 00:17:59 (3035 turns).

Melicamp the Shooter (Octopode Wanderer)            Turns: 3035, Time: 00:18:13

Health: 0/37       AC:  1    Str: 11    XL:     5   Next: 55%
Magic:  5/5        EV: 12    Int: 13    God:
Gold:   134        SH:  0    Dex: 14    Spells: 1/4 levels left

rFire    . . .     SeeInvis +   t - +0 war axe
rCold    . . .     Gourm    +   (no shield)
rNeg     . . .     Faith    .   (helmet restricted)
rPois    .         Spirit   .   o - amulet of the gourmand
rElec    .         Reflect  .   r - ring of stealth
rCorr    .         Harm     .   e - ring of see invisible
MR       .....                  (no ring)
Stlth    ++++......             (no ring)
HPRegen  0.12/turn              (no ring)
MPRegen  0.09/turn              (no ring)
                                (no ring)
                                (no ring)

@: no status effects
A: almost no armour, stealthy swim, amphibious, 8 rings, constrict 8, camouflage
1, gelatinous body 1
a: no special abilities


You were on level 3 of the Dungeon.
You were completely stuffed.

You visited 1 branch of the dungeon, and saw 3 of its levels.

You collected 134 gold pieces.

Inventory:

Hand Weapons
 a - a +3 shortbow
 g - a +0 hand axe
 t - a +0 war axe (weapon)
Missiles
 b - 47 arrows
 i - 148 stones (quivered)
Jewellery
 e - a ring of see invisible (right tentacle)
 k - an uncursed ring of ice
 m - an uncursed ring of protection from cold {unknown}
 o - an amulet of the gourmand (around mantle)
 r - a ring of stealth (left tentacle)
Scrolls
 j - a scroll of teleportation
 l - 3 scrolls of remove curse
Potions
 n - a potion of might {unknown}
 p - a potion of degeneration {unknown}
 s - a potion of brilliance {unknown}
Books
 c - Annon's Catalogue of Ice

   Spells                             Type                      Level
   a - Freeze                         Ice                          1
   b - Ozocubu's Armour               Charms/Ice                   3
 d - the Almanac of Translocation

   Spells                             Type                      Level
   a - Apportation                    Translocation                1
   b - Portal Projectile              Hexes/Translocation          3
Comestibles
 f - 3 rations
 q - 3 chunks of flesh


   Skills:
 * Level 4.1 Fighting
 + Level 2.4 Axes
 - Level 4.1 Bows
 - Level 2.1 Stealth
 - Level 2.0 Translocations
   Level 1.0 Transmutations
   Level 1.1 Evocations


You had one spell level left.
You knew the following spells:

 Your Spells              Type           Power        Failure   Level  Hunger
a - Portal Projectile     Hex/Tloc       #.....       52%         3    ####...


Dungeon Overview and Level Annotations

Branches:
Dungeon (3/15)

Altars:


Innate Abilities, Weirdness & Mutations

You cannot wear most types of armour.
You are very stealthy in the water. (Stealth+)
You are amphibious.
You can wear up to eight rings at the same time.
You can use your tentacles to constrict eight enemies at once.
Your skin changes colour to match your surroundings (Stealth+).
Your rubbery body absorbs attacks. (AC +1, EV +1)


Message History

The gnoll closely misses you.
You slash the gnoll! Your grab misses the gnoll. Your squeeze misses the gnoll.
The gnoll is almost dead.
The gnoll hits you from afar with a spear.
The gnoll closely misses you.
The gnoll hits you from afar with a spear!
You barely miss the gnoll. Your grab misses the gnoll.
The gnoll is almost dead.
The gnoll closely misses you. The gnoll misses you.
The gnoll hits you with a spear.
* * * LOW HITPOINT WARNING * * *
It was a potion of curing.
You feel better. The gnoll closely misses you. The gnoll misses you.
You hit the gnoll but do no damage. You grab the gnoll.
The gnoll is almost dead.
You constrict the gnoll, but do no damage.
The gnoll hits you from afar with a spear!
* * * LOW HITPOINT WARNING * * *
The gnoll hits you with a spear!
You die...

...#...#.#.###...................
.....#.#.#.÷[................##.#
...#.#.#.#####...........#...##.#
...#.....# #####...#######.##.#
...###.### #...# #.##.# #### #.#
#...# #.##.# ######.# #...#
#..>.. #..<...# #######.## #.....
...##### #ggg@...#### #.##.#
...### #†#####....# #.##.# .....#
##.#####.##.#####.##.. .....#
##...#..............))# .....#
##....g.......#........# ...###
#.......##.##.#.........
...########......g.....#)........
................g................
.......^.........................


You could see 2 gnolls and a hobgoblin.

Vanquished Creatures
  An orc wizard (D:3)
  4 gnolls (D:2)
  An adder (D:2)
  2 worms (D:2)
  3 dart slugs
  2 leopard geckos
  5 orcs (D:3)
  6 bats
  6 giant cockroaches
  18 goblins
  8 hobgoblins
  6 frilled lizards
  7 kobolds
  11 rats
80 creatures vanquished.

Notes
Turn   | Place    | Note
-------+----------+-------------------------------------------
     0 | D:1      | Melicamp the Octopode Wanderer began the quest for the Orb.
     0 | D:1      | Melicamp set off with: a +2 shortbow, 24 arrows, Annon's Catalogue of Ice, the Almanac of Translocation, a ration
     0 | D:1      | Reached XP level 1. HP: 13/13 MP: 1/1
     0 | D:1      | Identified Annon's Catalogue of Ice
     0 | D:1      | Identified the Almanac of Translocation
    93 | D:1      | Reached XP level 2. HP: 18/18 MP: 2/2
   495 | D:1      | Reached XP level 3. HP: 20/24 MP: 3/3
   551 | D:1      | Reached skill level 1 in Axes
  1224 | D:2      | Reached XP level 4. HP: 30/30 MP: 4/4
  1710 | D:2      | Learned a level 3 spell: Portal Projectile
  1988 | D:3      | Reached XP level 5. HP: 25/37 MP: 5/5
  3035 | D:3      | Slain by a gnoll

Skill      XL: |  1  2  3  4  5 |
---------------+----------------+-----
Stealth        | 2 |  2.1
Fighting       | 2 3 4 |  4.1
Axes           | 1 2 |  2.4
Bows           | |  4.1
Translocations | |  2.0
Transmutations | |  1.0
Evocations     | |  1.1

Action                   |  1- 3 |  4- 6 || total
-------------------------+-------+-------++-------
Melee: Hand axe          |    54 |    65 ||   119
       Constrict         |    14 |    26 ||    40
       Tentacles         |    11 |    13 ||    24
       War axe           |       |     9 ||     9
 Fire: Shortbow          |    21 |    13 ||    34
Throw: Stone             |    26 |    31 ||    57
  Use: Scroll            |     7 |     3 ||    10
       Potion            |       |     2 ||     2
 Stab: Sleeping          |     3 |     2 ||     5
  Eat: Chunk             |     1 |    18 ||    19
Armor: Skin              |     8 |     7 ||    15
Dodge: Dodged            |    32 |    51 ||    83
